 Dungeon Crawl Stone Soup version 0.24.0-13-gcf9b3192b9 (webtiles) character file.

Game seed: 15020690319287632229, levelgen mode: deterministic

53 Katsumi the Skirmisher (level 3, 0/25 HPs)
             Began as a Felid Transmuter on Nov 9, 2019.
             Succumbed to an adder's poison
             ... on level 2 of the Dungeon.
             The game lasted 00:02:36 (1883 turns).

Katsumi the Skirmisher (Felid Transmuter)           Turns: 1883, Time: 00:02:36

Health: 0/25       AC: 21    Str:  6    XL:     3   Next: 62%
Magic:  5/7        EV:  4    Int: 15    God:
Gold:   23         SH:  0    Dex: 16    Spells: 2/6 levels left
                                        Lives:  0   Deaths: 0

rFire    . . .     SeeInvis +     - Unarmed
rCold    . . .     Gourm    .   (shield unavailable)
rNeg     + + +     Faith    .   (armour unavailable)
rPois    +         Spirit   .   (helmet unavailable)
rElec    .         Reflect  .   (cloak unavailable)
rCorr    .         Harm     .   (gloves unavailable)
MR       +....     NoTele   +   (boots unavailable)
Stlth    +.........             (no amulet)
HPRegen  0.08/turn              f - ring of protection from magic
MPRegen  0.10/turn              (no ring)

@: lethally poisoned (0 -> -10), tree-form
A: very small, no armour, no weapons or thrown items, stealth, see invisible,
carnivore, slow metabolism 1
a: no special abilities


You were on level 2 of the Dungeon.
You were completely stuffed.
You were a tree.
You visited 1 branch of the dungeon, and saw 2 of its levels.

You collected 23 gold pieces.

Inventory:

Missiles
 a - 8 arrows
Jewellery
 f - a ring of protection from magic (left branch)
Scrolls
 d - a scroll of enchant armour {unknown}
 e - a scroll of teleportation {unknown}
Potions
 b - a potion of lignification
Comestibles
 c - 3 rations


   Skills:
 - Level 3.1 Fighting
 - Level 2.6 Dodging
 - Level 3.0 Unarmed Combat
 + Level 2.1 Spellcasting
 * Level 2.7 Transmutations


You had 2 spell levels left.
You knew the following spells:

 Your Spells              Type           Power        Failure   Level  Hunger
a - Beastly Appendage     Tmut           #.....       7%          1    #......
b - Sticks to Snakes      Tmut           #.......     11%         2    ###....
c - Confusing Touch       Hex            #.....       22%         1    #......

Your spell library contained the following spells:

 Spells                   Type           Power        Failure   Level  Hunger
 Animate Skeleton         Necr           N/A          22%         1    #......
 Apportation              Tloc           #.....       22%         1    #......
 Summon Small Mammal      Summ           #...         22%         1    #......
 Spider Form              Tmut/Pois      #.........   36%         3    ###....
 Ice Form                 Ice/Tmut       #.......     77%         4    #####..
 Blade Hands              Tmut           #.........   89%         5    ######.


Dungeon Overview and Level Annotations

Branches:
Dungeon (2/15)

Altars:


Innate Abilities, Weirdness & Mutations

You cannot wear armour.
You are incapable of wielding weapons or throwing items.
Your paws allow you to move quietly. (Stealth)
((You have sharp claws.))
((You have razor-sharp teeth.))
You have supernaturally acute eyesight. (SInv)
You are carnivorous and can eat meat at any time.
((You cover ground quickly.))
((You are covered in fur. (AC +1)))
You have a slow metabolism.
((Your sharp claws are effective at attacking unaware monsters.))


Message History

You feel less wooden.
* * * LOW HITPOINT WARNING * * *
You feel sick.
Unknown command.
There is a lethal amount of poison in your body!
There is a lethal amount of poison in your body!
There is a lethal amount of poison in your body!
Unknown command.
Really quaff the potion of lignification?
You turn into a tree.
Your roots penetrate the ground.
* * * LOW HITPOINT WARNING * * *
You feel sick.
Unknown command.
There is a lethal amount of poison in your body!
There is a lethal amount of poison in your body!
There is a lethal amount of poison in your body!
There is a lethal amount of poison in your body!
There is a lethal amount of poison in your body!
Unknown command.
You die...

>......#.## #.# #...#
..####.#.# #.# ##..# ..# #.#.#
#.####..# #.####.#+##
#.......# #.........##
######.## ######.....## ###
#.# # ##.......## ##.###.#
####(........####...##.####.#
().(.........+..♣S............
####......[..####...##.####..g
# ##.......# ##.###.#
##.....## ### #.# ##.(.## #.#
##'## ... #†# .#. ########.# .
#........##


You could see a friendly adder.

Vanquished Creatures
  An adder (D:2)
  2 dart slugs
  2 leopard geckos
  A giant cockroach (D:1)
  2 goblins (D:1)
  2 hobgoblins
  8 bats
  A frilled lizard (D:1)
  6 kobolds
  3 rats
28 creatures vanquished.

Vanquished Creatures (collateral kills)
  An adder (D:2)
  A goblin (D:2)
  A ball python (D:2)
  A frilled lizard (D:2)
4 creatures vanquished.

Grand Total: 32 creatures vanquished

Notes
Turn   | Place    | Note
-------+----------+-------------------------------------------
     0 | D:1      | Katsumi the Felid Transmuter began the quest for the Orb.
     0 | D:1      | Reached XP level 1. HP: 9/9 MP: 4/4
     6 | D:1      | Noticed a rime drake
     8 | D:1      | Noticed a black bear
     8 | D:1      | Noticed an iguana
   406 | D:1      | Reached XP level 2. HP: 10/13 MP: 4/6
   416 | D:1      | Learned a level 2 spell: Sticks to Snakes
  1001 | D:2      | Reached XP level 3. HP: 17/17 MP: 1/7
  1201 | D:2      | Learned a level 1 spell: Confusing Touch
  1882 | D:2      | HP: 1/25 [poisoned by an adder]
  1883 | D:2      | Succumbed to an adder's poison

Levels and vault maps discovered:
D:1:      onia_arrival_zoo_common, layout_rooms
D:2:      layout_loops_corners, marbit_many_paths, first_ration,
          uniq_crazy_yiuf_cottage

Skill      XL: |  1  2 |
---------------+-------+-----
Fighting       | 2 3 |  3.1
Dodging        | |  2.6
Unarmed Combat | |  3.0
Spellcasting   | |  2.1
Transmutations | |  2.7

Action                   || total
-------------------------++-------
Melee: Unarmed           ||    83
       Headbutt          ||     5
       Bite              ||     6
 Cast: Beastly Appendage ||    22
       Sticks to Snakes  ||     4
  Use: Potion            ||     3
 Stab: Sleeping          ||     4
  Eat: Chunk             ||    10
Armor: Skin              ||     6
Dodge: Dodged            ||    80
